 Dungeon Crawl Stone Soup version 0.31-a0-826-ga5cc291a1b (webtiles) character file.

Game seed: 12336103137736400425

892 qw the Skirmisher (level 8, -12/48 HPs)
             Began as a Gargoyle Hunter on Sept 23, 2023.
             Was an Initiate of Okawaru.
             Mangled by a two-headed ogre
             ... wielding a +0 giant spiked club
              (22 damage)
             ... on level 5 of the Dungeon.
             The game lasted 00:01:49 (4013 turns).

qw the Skirmisher (Gargoyle Hunter)                 Turns: 4013, Time: 00:01:50

Health: -12/48     AC: 11    Str: 15    XL:     8   Next: 6%
Magic:  10/11      EV: 13    Int: 10    God:    Okawaru [......]
Gold:   248        SH:  0    Dex: 15    Spells: 7/7 levels left

rFire   . . .        Y - +2 shortbow
rCold   . . .        (shield currently unavailable)
rNeg    + . .        e - +0 ring mail
rPois   inf          (no helmet)
rElec   +            (no cloak)
rCorr   .            (no gloves)
SInv    .            (no boots)
Will    .....        (no amulet)
Stlth   +++          (no ring)
HPRegen 0.28/turn    (no ring)
MPRegen 0.12/turn

%: no passive effects
@: heroic
A: sickness immunity, AC +5, negative energy resistance 1, electricity
resistance, torment resistance 1, petrification resistance
a: Renounce Religion


You were on level 5 of the Dungeon.
You worshipped Okawaru.
Okawaru was noncommittal.
You visited 1 branch of the dungeon, and saw 5 of its levels.

You collected 248 gold pieces.


Innate Abilities, Weirdness & Mutations

You are immune to sickness and miasma.
Your stone body is resilient. (AC +5)
You are immune to poison.
You resist negative energy. (rN+)
You are resistant to electric shocks. (rElec)
You are resistant to unholy torment.
You are immune to petrification.


   Skills:
 + Level 4.5(9.5) Fighting
 - Level 8.0(13.0) Ranged Weapons
 - Level 1.0(6.0) Armour
 - Level 1.5(6.5) Dodging
 - Level 1.1(6.1) Stealth
 - Level 4.0 Invocations


You had 7 spell levels left.
You didn't know any spells.
Your spell library was empty.

Inventory:

Hand Weapons
 Y - a +2 shortbow (weapon)
Armour
 e - a +0 ring mail (worn)
Scrolls
 a - a scroll of teleportation
 b - 4 scrolls of identify
Potions
 c - a potion of might
 d - a potion of curing
 f - 2 potions of heal wounds
 g - a potion of mutation {unknown}

Dungeon Overview and Level Annotations

Branches:
Dungeon (5/15)             Temple (0/1) D:4

Altars:
Makhleb
Okawaru
Qazlal

Annotations:
D:4 1 runed translucent door, Crazy Yiuf


Message History

You start resting.
Magic restored.
There is an open door here.
g - a viscous inky potion You feel like a meek peon again.
There is an open door here.
A two-headed ogre comes into view.
It is wielding a +0 giant spiked club and a +0 giant club.
The two-headed ogre shouts in stereo!
4003 ||| INVOKING Heroism.
You gain the combat prowess of a mighty hero.
You can no longer gain great but temporary skills.
You shoot an arrow. The arrow hits the two-headed ogre.
The two-headed ogre is lightly wounded.
You shoot an arrow.
The arrow completely misses the two-headed ogre.
You shoot an arrow. The arrow hits the two-headed ogre.
The two-headed ogre is lightly wounded.
You shoot an arrow. The arrow hits the two-headed ogre.
The two-headed ogre is lightly wounded.
You shoot an arrow.
The arrow barely misses the two-headed ogre.
The two-headed ogre hits you with a +0 giant spiked club.
The two-headed ogre hits you with a +0 giant club.
You shoot an arrow. The arrow hits the two-headed ogre.
The two-headed ogre is lightly wounded.
You shoot an arrow. The arrow hits the two-headed ogre!
The two-headed ogre is moderately wounded.
The two-headed ogre misses you.
The two-headed ogre hits you with a +0 giant club!
You shoot an arrow.
The arrow barely misses the two-headed ogre.
You shoot an arrow. The arrow hits the two-headed ogre!
The two-headed ogre is heavily wounded.
The two-headed ogre hits you with a +0 giant spiked club.
The two-headed ogre closely misses you.
You shoot an arrow. The arrow hits the two-headed ogre!
The two-headed ogre is severely wounded.
The two-headed ogre hits you with a +0 giant spiked club!!
The two-headed ogre hits you with a +0 giant club!!
You die...

### ..## ##.. #
+######..##.##.#
........@O......
..##....##.....
###.## #.. #.#
####'#####
#........#
#........#
#........#
#........+


You could see a two-headed ogre.

Vanquished Creatures
  Sigmund (D:3)
  2 kobold brigands (D:4)
  4 killer bees (D:4)
  2 jellies
  An orc priest (D:4)
  4 orc wizards (D:4)
  An iguana (D:4)
  4 adders
  3 gnolls (D:4)
  4 worms
  A dart slug (D:3)
  14 orcs
  8 ball pythons
  3 bats
  7 endoplasms
  4 giant cockroaches
  12 goblins
  8 hobgoblins
  3 jackals
  8 quokkas
  4 frilled lizards
  15 kobolds
  7 rats
120 creatures vanquished.

Notes
Turn   | Place    | Note
-------+----------+-------------------------------------------
     0 | D:1      | qw the Gargoyle Hunter began the quest for the Orb.
     0 | D:1      | Reached XP level 1. HP: 12/12 MP: 1/1
     0 | D:1      | 0 ||| qw: Version: 0.3-a-83-gcd0e7d8
     0 | D:1      | 0 ||| qw: Game counter: 1905
     0 | D:1      | 0 ||| qw: Melee chars always use a shield: true
     0 | D:1      | 0 ||| qw: God list: Okawaru
     0 | D:1      | 0 ||| qw: Allow faded altars: false
     0 | D:1      | 0 ||| qw: Do Orc after clearing Dungeon:15 true
     0 | D:1      | 0 ||| qw: Do second Lair branch before Depths: true
     0 | D:1      | 0 ||| qw: Lair rune preference: random
     0 | D:1      | 0 ||| qw: Goals: Normal
     0 | D:1      | 0 ||| PLANNING D:1-11
    18 | D:1      | Found a faded altar of an unknown god.
    90 | D:1      | Reached XP level 2. HP: 14/17 MP: 2/2
    94 | D:1      | HP: 3/17 [frozen (3)]
   610 | D:1      | Reached XP level 3. HP: 21/21 MP: 3/3
   686 | D:1      | 686 ||| UPGRADING to +0 ring mail.
   696 | D:1      | 696 ||| DROPPING +0 leather armour.
   697 | D:1      | 697 ||| READING scroll labelled SIR ANISAADIST.
   698 | D:1      | 698 ||| READING scroll labelled NOUNOM ERUUH.
   699 | D:1      | 699 ||| READING scroll labelled ADETAXT JIMU.
   704 | D:1      | 704 ||| DROPPING scroll of butterflies.
  1024 | D:2      | Reached skill level 1 in Armour
  1088 | D:2      | Reached skill level 5 in Ranged Weapons
  1283 | D:2      | Reached XP level 4. HP: 27/27 MP: 4/4
  1545 | D:2      | 1545 ||| READING scroll labelled HEUPUM VAPHE.
  1546 | D:2      | 1546 ||| READING 4 scrolls labelled ZAVVIAKL ATRELYD.
  1547 | D:2      | 1547 ||| READING scroll labelled GIVVEI EKIFO.
  1548 | D:2      | 1548 ||| READING scroll labelled IMYBYRH XUWIEN.
  1549 | D:2      | 1549 ||| READING scroll labelled VUKKIUVIGE.
  1650 | D:2      | 1650 ||| READING 3 scrolls of identify.
  1650 | D:2      | 1650 ||| IDENTIFYING cyan potion
  1705 | D:3      | 1705 ||| STAIRDANCE
  1712 | D:2      | Reached skill level 3 in Fighting
  1771 | D:3      | 1771 ||| STAIRDANCE
  1861 | D:3      | Found an iron altar of Okawaru.
  1862 | D:3      | 1862 ||| PLANNING OKAWARU WORSHIP
  1862 | D:3      | Found a stormy altar of Qazlal.
  1864 | D:3      | Became a worshipper of Warmaster Okawaru
  1865 | D:3      | 1865 ||| PLANNING D:1-11
  1866 | D:3      | Found a burning altar of Makhleb.
  1868 | D:3      | 1868 ||| READING scroll of enchant weapon.
  1868 | D:3      | 1868 ||| ENCHANTING +1 shortbow.
  1938 | D:3      | Noticed Sigmund
  1954 | D:3      | HP: 6/28 [Sigmund/magic dart (7)]
  1955 | D:3      | 1955 ||| DRINKING potion of heal wounds.
  1959 | D:3      | Killed Sigmund
  1959 | D:3      | Reached * piety under Okawaru
  1960 | D:3      | Reached skill level 6 in Ranged Weapons
  1960 | D:3      | Reached XP level 5. HP: 15/32 MP: 5/5
  1960 | D:3      | Reached XP level 6. HP: 18/37 MP: 6/6
  2396 | D:3      | Identified the staff "Esise" {Int+4 Stlth+ Earth}
  2638 | D:3      | 2638 ||| READING 2 scrolls labelled ILAUKHL DEUCHEMAD.
  2639 | D:3      | 2639 ||| DROPPING scroll of revelation.
  2677 | D:4      | Reached skill level 1 in Invocations
  2677 | D:4      | 2677 ||| STAIRDANCE
  2691 | D:4      | 2691 ||| INVOKING Heroism.
  2702 | D:4      | 2702 ||| STAIRDANCE
  2782 | D:4      | Reached XP level 7. HP: 32/43 MP: 8/8
  2782 | D:4      | 2782 ||| STAIRDANCE
  2841 | D:4      | Found a staircase to the Ecumenical Temple.
  2847 | D:4      | 2847 ||| INVOKING Heroism.
  2850 | D:4      | 2850 ||| Stepping ~*~*~tactically~*~*~ (retreating).
  2859 | D:4      | Reached skill level 7 in Ranged Weapons
  2859 | D:4      | Reached skill level 3 in Invocations
  2888 | D:4      | 2888 ||| INVOKING Heroism.
  3039 | D:4      | 3039 ||| INVOKING Heroism.
  3097 | D:4      | 3097 ||| DRINKING 2 fizzy purple potions.
  3146 | D:4      | 3146 ||| DROPPING potion of lignification.
  3260 | D:4      | 3260 ||| FLEEEEING.
  3261 | D:4      | 3261 ||| FLEEEEING.
  3475 | D:4      | 3475 ||| INVOKING Heroism.
  3581 | D:4      | Reached skill level 8 in Ranged Weapons
  3612 | D:4      | Found an iron altar of Okawaru.
  3659 | D:4      | Reached XP level 8. HP: 41/48 MP: 11/11
  3768 | D:4      | Found a runed translucent door.
  3769 | D:4      | Noticed Crazy Yiuf
  3932 | D:4      | 3932 ||| DRINKING 2 red potions.
  3933 | D:4      | 3933 ||| READING 5 scrolls of identify.
  3933 | D:4      | 3933 ||| IDENTIFYING coppery potion
  3954 | D:5      | Entered Level 5 of the Dungeon
  3967 | D:5      | 3967 ||| INVOKING Heroism.
  4002 | D:5      | Noticed a two-headed ogre
  4003 | D:5      | 4003 ||| INVOKING Heroism.
  4013 | D:5      | HP: 10/48 [two-headed ogre/+0 giant spiked club (20)]
  4013 | D:5      | Mangled by a two-headed ogre

Levels and vault maps discovered:
D:1:      lemuel_arrival_hallway, layout_rooms,
          chequers_ecumenical_altar_simple_redux, serial_curves, eino_curves_01,
          eino_curves_02, eino_curves_03, eino_curves_02,
          corexii_leaking_fountain, dreamdust_mushroom_princess, st_stairs_6,
          grunt_decor_arrowhead
D:2:      minmay_recursive_quarters, layout_loops_ring
D:3:      layout_loops_ring, minitemple, uniq_sigmund
D:4:      cheibrodos_thug_alley, layout_cave_pools,
          minmay_temple_entry_stoned_glass, minmay_ruined_shrine,
          uniq_crazy_yiuf_cottage
D:5:      layout_basic, mainiacjoe_overflow_six_doors_small,
          guppyfry_early_lair_pool, uniq_menkaure

Skill      XL: |  1  2  3  4  5  6  7 |
---------------+----------------------+-----
Armour         | 1 |  1.0
Ranged Weapons | 5 6 8 |  8.0
Fighting       | 3 4 |  4.5
Invocations    | 2 4 |  4.0
Dodging        | |  1.5
Stealth        | |  1.1

Action                     |  1- 3 |  4- 6 |  7- 9 || total
---------------------------+-------+-------+-------++-------
   Fire: Shortbow          |   110 |   137 |   198 ||   445
 Invoke: Heroism           |       |     1 |     6 ||     7
    Use: Scroll            |     3 |     8 |     1 ||    12
         Potion            |       |     1 |     2 ||     3
 Armour: Leather armour    |    10 |       |       ||    10
         Ring mail         |    57 |    55 |   110 ||   222
  Dodge: Dodged            |    48 |    58 |    51 ||   157

Table legend:
 A = Non-vault XP
 B = Vault XP
 C = Vault XP percentage of total XP
 D = Non-vault monster count
 E = Vault monster count
 F = Vault count percentage of total count
                 A         B        C        D         E       F
            +---------+---------+-------+---------+---------+-------
      Total |     768 |     507 |  39.8 |      91 |      29 |  24.2
            +---------+---------+-------+---------+---------+-------
        D:1 |      32 |       2 |   5.9 |      19 |       1 |   5.0
        D:2 |      45 |      16 |  26.2 |       8 |       9 |  52.9
        D:3 |      70 |     226 |  76.4 |      29 |       1 |   3.3
        D:4 |     579 |     263 |  31.2 |      34 |      18 |  34.6
        D:5 |      42 |       0 |   0.0 |       1 |       0 |   0.0
            +---------+---------+-------+---------+---------+-------
